3AAA
HOUSTON BC @ SANTA BARBARA GOLDEN CRANES
05/10/2022
 
TOP OF THE 1ST
Houston BC batting - Pitching for Santa Barbara Golden Cranes : RHP Jon Shankle
Pitching: RHP Jon Shankle
Batting: RHB José Muńóz 0-0: Ball
1-0: Ball
2-0: Called Strike
2-1: Swinging Strike
2-2: Strikes out swinging
Batting: RHB Randy Gregory 0-0: SINGLE (Flyball, 8RS)
Batting: LHB Yun Yen 0-0: Ball
Randy Gregory steals 2nd base
1-0: Foul Ball, location: 2F
1-1: Ball
2-1: Foul Ball, location: 2F
2-2: SINGLE (Line Drive, 4MD)
Randy Gregory to third
Batting: LHB Jesús Reyes 0-0: Fly out, F8 (Flyball, 8LM)
Runner from 3rd tags up, SCORES, throw made
Batting: RHB Micah Miller 0-0: Ball
1-0: Foul Ball, location: 2F
1-1: Called Strike
1-2: Ball
2-2: Foul Ball, location: 2F
2-2: Strikes out swinging
Top of the 1st over - 1 run(s), 2 hit(s), 0 error(s), 1 left on base; Houston 1 - Santa Barbara 0
BOTTOM OF THE 1ST
Santa Barbara Golden Cranes batting - Pitching for Houston BC : RHP Lester Sullivan
Pitching: RHP Lester Sullivan
Batting: RHB Ángel López 0-0: Ball
1-0: Swinging Strike
1-1: Ball
2-1: Foul Ball, location: 2F
2-2: Ball
3-2: Foul Ball, location: 2F
3-2: Base on Balls
Batting: RHB Kyle Dempsey 0-0: Ball
1-0: Ball
Ángel López steals 2nd base
2-0: Called Strike
2-1: Swinging Strike
2-2: Ball
3-2: Base on Balls
Batting: LHB Sinclair van Kooten 0-0: Ball
1-0: Called Strike
1-1: Foul Ball, location: 2F
1-2: Foul Ball, location: 2F
1-2: Ball
2-2: Reached on error, E4 (Groundball, 4)
Ángel López to third
Kyle Dempsey to second
Batting: RHB Sake van Arem 0-0: Called Strike
0-1: Ball
1-1: Fly out, F8 (Flyball, 8LM)
Runner from 3rd tags up, SCORES, no throw
Batting: LHB Takahiro Harada 0-0: Called Strike
0-1: Called Strike
0-2: Ball
1-2: Ball
2-2: Foul Ball, location: 2F
2-2: Foul Ball, location: 2F
2-2: Foul Ball, location: 2F
2-2: Ball
3-2: Base on Balls
Kyle Dempsey to third
Sinclair van Kooten to second
Batting: SHB Shojiro Kimura 0-0: Ball
1-0: Ball
2-0: Ball
3-0: Base on Balls
Kyle Dempsey scores
Sinclair van Kooten to third
Takahiro Harada to second
Batting: LHB Chris McKinney 0-0: Ball
1-0: Foul Ball, location: 2F
1-1: Foul Ball, location: 2F
1-2: SINGLE (Line Drive, 56)
Sinclair van Kooten scores
Takahiro Harada to third
Shojiro Kimura to second
Runner from 3rd tries for Home, SAFE, no throw or cutoff
Batting: SHB Stephen Baldwin 0-0: Ball
1-0: Swinging Strike
1-1: Foul Ball, location: 2F
1-2: Fielders Choice at 3rd, U5 (Groundball, 5L)
Chris McKinney to second
Batting: RHB Tim Wilson 0-0: Ball
1-0: Ball
2-0: Ball
3-0: Called Strike
3-1: Swinging Strike
3-2: Strikes out swinging
Bottom of the 1st over - 4 run(s), 1 hit(s), 1 error(s), 2 left on base; Houston 1 - Santa Barbara 4
TOP OF THE 2ND
Houston BC batting - Pitching for Santa Barbara Golden Cranes : RHP Jon Shankle
Batting: LHB António Rivera 0-0: Called Strike
0-1: Ball
1-1: DOUBLE (Line Drive, 7LS)
Batting: RHB Ludovico Trezza 0-0: Called Strike
0-1: Ball
António Rivera steals 3rd base
1-1: Ball
2-1: Foul Ball, location: 2F
2-2: Ground out 4-3 (Groundball, 4M)
António Rivera scores
Batting: RHB António Alvarado 0-0: Ball
1-0: Ball
2-0: Called Strike
2-1: Ball
3-1: Base on Balls
Batting: RHB Bobby Buck 0-0: Called Strike
0-1: Called Strike
António Alvarado steals 2nd base
0-2: Foul Ball, location: 2F
0-2: Ball
1-2: Strikes out swinging
Batting: RHB José Muńóz 0-0: Called Strike
0-1: Foul Ball, location: 2F
0-2: Strikes out swinging
Top of the 2nd over - 1 run(s), 1 hit(s), 0 error(s), 1 left on base; Houston 2 - Santa Barbara 4
BOTTOM OF THE 2ND
Santa Barbara Golden Cranes batting - Pitching for Houston BC : RHP Lester Sullivan
Batting: RHB Ángel López 0-0: Called Strike
0-1: Called Strike
0-2: Strikes out swinging
Batting: RHB Kyle Dempsey 0-0: Foul Ball, location: 2F
0-1: Swinging Strike
0-2: Fly out, F6 (Line Drive, 6)
Batting: LHB Sinclair van Kooten 0-0: Called Strike
0-1: SINGLE (Groundball, 13) (infield hit)
Batting: RHB Sake van Arem 0-0: Fly out, F7 (Flyball, 7M)
Bottom of the 2nd over - 0 run(s), 1 hit(s), 0 error(s), 1 left on base; Houston 2 - Santa Barbara 4
TOP OF THE 3RD
Houston BC batting - Pitching for Santa Barbara Golden Cranes : RHP Jon Shankle
Batting: RHB Randy Gregory 0-0: Ball
1-0: Called Strike
1-1: Swinging Strike
1-2: Ball
2-2: Ball
3-2: Foul Ball, location: 2F
3-2: Strikes out swinging
Batting: LHB Yun Yen 0-0: Called Strike
0-1: Swinging Strike
0-2: Fly out, F1 (Popup, 2R)
Batting: LHB Jesús Reyes 0-0: Ball
1-0: Fly out, F6 (Popup, 6)
Top of the 3rd over - 0 run(s), 0 hit(s), 0 error(s), 0 left on base; Houston 2 - Santa Barbara 4
BOTTOM OF THE 3RD
Santa Barbara Golden Cranes batting - Pitching for Houston BC : RHP Lester Sullivan
Batting: LHB Takahiro Harada 0-0: Ball
1-0: Swinging Strike
1-1: Ball
2-1: Foul Ball, location: 2F
2-2: Foul Ball, location: 2F
2-2: Ball
3-2: Ground out 6-3 (Groundball, 6)
Batting: SHB Shojiro Kimura 0-0: Ball
1-0: Foul Ball, location: 2F
1-1: Ball
2-1: Ball
3-1: Base on Balls
Batting: LHB Chris McKinney 0-0: Ball
1-0: Foul Ball, location: 2F
1-1: Foul Ball, location: 2F
1-2: Strikes out swinging
Batting: SHB Stephen Baldwin 0-0: Foul Ball, location: 2F
0-1: Fly out, F7 (Flyball, 7LD)
Bottom of the 3rd over - 0 run(s), 0 hit(s), 0 error(s), 1 left on base; Houston 2 - Santa Barbara 4
TOP OF THE 4TH
Houston BC batting - Pitching for Santa Barbara Golden Cranes : RHP Jon Shankle
Batting: RHB Micah Miller 0-0: Ball
1-0: Fly out, F9 (Line Drive, 89S)
Batting: LHB António Rivera 0-0: Ball
1-0: Ball
2-0: Bunt for hit - play at first, batter OUT! 1-3
Batting: RHB Ludovico Trezza 0-0: Ball
1-0: Ball
2-0: Ball
3-0: Called Strike
3-1: SINGLE (Line Drive, 8LS)
Batting: RHB António Alvarado 0-0: Ball
Ludovico Trezza steals 2nd base
1-0: Ball
2-0: Swinging Strike
2-1: Ball
3-1: Base on Balls
Batting: RHB Bobby Buck 0-0: Ball
1-0: Called Strike
1-1: Ball
2-1: Ball
3-1: Foul Ball, location: 2F
3-2: Ground out 6-3 (Groundball, 56)
Top of the 4th over - 0 run(s), 1 hit(s), 0 error(s), 2 left on base; Houston 2 - Santa Barbara 4
BOTTOM OF THE 4TH
Santa Barbara Golden Cranes batting - Pitching for Houston BC : RHP Lester Sullivan
Batting: RHB Tim Wilson 0-0: Called Strike
0-1: Ball
1-1: SINGLE (Groundball, 56)
Batting: RHB Ángel López 0-0: Called Strike
0-1: Swinging Strike
Tim Wilson is caught stealing 2nd base
0-2: Strikes out swinging
Batting: RHB Kyle Dempsey 0-0: Ball
1-0: Foul Ball, location: 2F
1-1: Ball
2-1: Ball
3-1: Base on Balls
Batting: LHB Sinclair van Kooten 0-0: Called Strike
Kyle Dempsey steals 2nd base
0-1: SINGLE (Groundball, 34D) (infield hit)
Kyle Dempsey to third
Batting: RHB Sake van Arem 0-0: Ball
1-0: SINGLE (Line Drive, 34D)
Kyle Dempsey scores
Sinclair van Kooten to second
Batting: LHB Takahiro Harada 0-0: Ball
1-0: Called Strike
1-1: Fly out, F9 (Flyball, 89XD)
Bottom of the 4th over - 1 run(s), 3 hit(s), 0 error(s), 2 left on base; Houston 2 - Santa Barbara 5
TOP OF THE 5TH
Houston BC batting - Pitching for Santa Barbara Golden Cranes : RHP Jon Shankle
Batting: RHB José Muńóz 0-0: DOUBLE (Flyball, 7M)
Batting: RHB Randy Gregory 0-0: Ball
1-0: Ball
José Muńóz steals 3rd base
2-0: Called Strike
2-1: Ball
3-1: Called Strike
3-2: Fly out, F7 (Line Drive, 7M)
Runner from 3rd tags up, SCORES, no throw
Batting: LHB Yun Yen 0-0: Ball
1-0: Swinging Strike
1-1: Fly out, F7 (Flyball, 7M)
Batting: LHB Jesús Reyes 0-0: Ball
1-0: Ball
2-0: Ball
3-0: Base on Balls
Batting: RHB Micah Miller 0-0: Ball
1-0: Foul Ball, location: 2F
1-1: Ball
2-1: SINGLE (Line Drive, 89S)
Jesús Reyes to second
Batting: LHB António Rivera 0-0: Called Strike
0-1: Foul Ball, location: 2F
0-2: Ball
1-2: SINGLE (Groundball, 34D)
Jesús Reyes to third
Micah Miller to second
Runner from 3rd tries for Home, SAFE, no throw or cutoff
Batting: RHB Ludovico Trezza 0-0: Ball
1-0: Called Strike
1-1: Ball
2-1: Called Strike
2-2: Strikes out swinging
Top of the 5th over - 2 run(s), 3 hit(s), 0 error(s), 2 left on base; Houston 4 - Santa Barbara 5
BOTTOM OF THE 5TH
Santa Barbara Golden Cranes batting - Pitching for Houston BC : RHP Lester Sullivan
Batting: SHB Shojiro Kimura 0-0: Ball
1-0: Ball
2-0: Ball
3-0: Called Strike
3-1: Base on Balls
Batting: LHB Chris McKinney 0-0: Ball
1-0: Foul Ball, location: 2F
1-1: Called Strike
1-2: Ball
2-2: SINGLE (Groundball, 34D)
Shojiro Kimura to second
Runner from 2nd tries for 3rd, SAFE, throw made to third
Batting: SHB Stephen Baldwin 0-0: Ball
1-0: Called Strike
1-1: Swinging Strike
1-2: Ball
2-2: Strikes out looking
Batting: RHB Tim Wilson 0-0: Called Strike
0-1: Ball
1-1: Ball
2-1: Ball
3-1: SINGLE (Groundball, 56D)
Shojiro Kimura scores
Chris McKinney to second
Batting: RHB Ángel López 0-0: Ball
1-0: Swinging Strike
1-1: Swinging Strike
1-2: Fly out, F8 (Flyball, 8LM)
Pitching: LHP Francisco Mora
Batting: RHB Kyle Dempsey 0-0: Ball
1-0: Foul Ball, location: 2F
1-1: Ball
2-1: SINGLE (Groundball, 6M)
Chris McKinney to third
Tim Wilson to second
Runner from 3rd tries for Home, SAFE, throw made home
Batting: LHB Sinclair van Kooten 0-0: Fly out, F9 (Flyball, 89XD)
Bottom of the 5th over - 2 run(s), 3 hit(s), 0 error(s), 2 left on base; Houston 4 - Santa Barbara 7
TOP OF THE 6TH
Houston BC batting - Pitching for Santa Barbara Golden Cranes : RHP Jon Shankle
Batting: RHB António Alvarado 0-0: Called Strike
0-1: Swinging Strike
0-2: Ball
1-2: Ball
2-2: Foul Ball, location: 2F
2-2: Ball
3-2: Foul Ball, location: 2F
3-2: Foul Ball, location: 2F
3-2: Strikes out looking
Batting: RHB Bobby Buck 0-0: Foul Ball, location: 2F
0-1: Swinging Strike
0-2: Ball
1-2: Strikes out swinging
Batting: RHB José Muńóz 0-0: Called Strike
0-1: Ball
1-1: Ball
2-1: Foul Ball, location: 2F
2-2: Ball
3-2: Base on Balls
Pitching: RHP Ed MacCeallaich
Batting: RHB Randy Gregory 0-0: Called Strike
0-1: Fly out, F9 (Flyball, 9S)
Top of the 6th over - 0 run(s), 0 hit(s), 0 error(s), 1 left on base; Houston 4 - Santa Barbara 7
BOTTOM OF THE 6TH
Santa Barbara Golden Cranes batting - Pitching for Houston BC : LHP Francisco Mora
Batting: RHB Sake van Arem 0-0: Ball
1-0: SINGLE (Groundball, 13S) (infield hit)
Batting: LHB Takahiro Harada 0-0: Foul Ball, location: 2F
0-1: Foul Ball, location: 2F
0-2: Ball
1-2: Ball
2-2: Grounds into double play, 4-6-3 (Groundball, 34)
Batting: SHB Shojiro Kimura 0-0: Called Strike
0-1: Swinging Strike
0-2: Strikes out swinging
Bottom of the 6th over - 0 run(s), 1 hit(s), 0 error(s), 0 left on base; Houston 4 - Santa Barbara 7
TOP OF THE 7TH
Houston BC batting - Pitching for Santa Barbara Golden Cranes : RHP Ed MacCeallaich
Batting: LHB Yun Yen 0-0: SINGLE (Line Drive, 4D)
Batting: LHB Jesús Reyes 0-0: Called Strike
0-1: Ball
1-1: Foul Ball, location: 2F
1-2: Ball
2-2: Ball
3-2: Base on Balls
Yun Yen to second
Batting: RHB Micah Miller 0-0: Ball
1-0: Foul Ball, location: 2F
1-1: Fly out, F9 (Flyball, 9D)
Runner from 2nd tags up, SAFE at 3rd, no throw
Batting: LHB António Rivera 0-0: Ball
1-0: Called Strike
1-1: Called Strike
1-2: Fly out, F7 (Flyball, 7LDF)
Runner from 3rd tags up, SCORES, no throw
Batting: RHB Ludovico Trezza 0-0: Ball
1-0: Fly out, F9 (Flyball, 9LS)
Top of the 7th over - 1 run(s), 1 hit(s), 0 error(s), 1 left on base; Houston 5 - Santa Barbara 7
BOTTOM OF THE 7TH
Santa Barbara Golden Cranes batting - Pitching for Houston BC : LHP Francisco Mora
Batting: LHB Chris McKinney 0-0: Ball
1-0: Ball
2-0: Called Strike
2-1: Foul Ball, location: 2F
2-2: Strikes out looking
Batting: SHB Stephen Baldwin 0-0: Foul Ball, location: 2F
0-1: Ball
1-1: Ball
2-1: Swinging Strike
2-2: Ball
3-2: Fly out, F6 (Popup, 5F)
Batting: RHB Tim Wilson 0-0: Called Strike
0-1: Called Strike
0-2: Ball
1-2: Foul Ball, location: 2F
1-2: Foul Ball, location: 2F
1-2: Foul Ball, location: 2F
1-2: Strikes out swinging
Bottom of the 7th over - 0 run(s), 0 hit(s), 0 error(s), 0 left on base; Houston 5 - Santa Barbara 7
TOP OF THE 8TH
Houston BC batting - Pitching for Santa Barbara Golden Cranes : RHP Ed MacCeallaich
Batting: RHB António Alvarado 0-0: Swinging Strike
0-1: SINGLE (Groundball, 34D)
Pitching: RHP Carlos Rúbio
Batting: RHB Bobby Buck 0-0: Foul Ball, location: 2F
0-1: Ball
1-1: Grounds into double play, 5-4-3 (Groundball, 56)
Batting: RHB José Muńóz 0-0: Ball
1-0: Called Strike
1-1: Ground out 6-3 (Groundball, 6)
Top of the 8th over - 0 run(s), 1 hit(s), 0 error(s), 0 left on base; Houston 5 - Santa Barbara 7
BOTTOM OF THE 8TH
Santa Barbara Golden Cranes batting - Pitching for Houston BC : LHP Francisco Mora
Batting: RHB Ángel López 0-0: Foul Ball, location: 2F
0-1: Ball
1-1: Ball
2-1: Ball
3-1: Ground out 1-3 (Groundball, 15)
Batting: RHB Kyle Dempsey 0-0: Called Strike
0-1: Called Strike
0-2: Ground out 6-3 (Groundball, 6)
Batting: LHB Sinclair van Kooten 0-0: Called Strike
0-1: Called Strike
0-2: SINGLE (Line Drive, 8LS)
Batting: RHB Sake van Arem 0-0: Called Strike
0-1: Ball
1-1: Ball
2-1: Foul Ball, location: 2F
2-2: Ball
3-2: Fly out, F8 (Line Drive, 8RS)
Bottom of the 8th over - 0 run(s), 1 hit(s), 0 error(s), 1 left on base; Houston 5 - Santa Barbara 7
TOP OF THE 9TH
Houston BC batting - Pitching for Santa Barbara Golden Cranes : RHP Carlos Rúbio
Pitching: LHP Jesús Tejeda
Batting: RHB Randy Gregory 0-0: Called Strike
0-1: Swinging Strike
0-2: Ball
1-2: Ball
2-2: Foul Ball, location: 2F
2-2: Ball
3-2: Fly out, F2 (Popup, 23)
Batting: LHB Yun Yen 0-0: Swinging Strike
0-1: Ball
1-1: Foul Ball, location: 2F
1-2: Ball
2-2: Strikes out looking
Batting: LHB Jesús Reyes 0-0: Ball
1-0: Foul Ball, location: 2F
1-1: Ground out 4-3 (Groundball, 4)
Top of the 9th over - 0 run(s), 0 hit(s), 0 error(s), 0 left on base; Houston 5 - Santa Barbara 7
This league is powered by Out of the Park Baseball, the baseball management simulation game for PC, Mac and Linux
Friday, April 15th, 2016 - OOTP Baseball 16.9 Build 39